 Dungeon Sprint DCSS version 0.31-a0-325-g067879e3d3 (webtiles) character file.

Game seed: 15537852785537943971

32 Conn the Firebug (level 3, 0/21 HPs)
             Began as an Octopode Fire Elementalist on July 18, 2023.
             Slain by a human (8 damage)
             ... in the Dungeon (Sprint III: "The Ten Rune Challenge").
             The game lasted 00:01:06 (198 turns).

Conn the Firebug (Octopode Fire Elementalist)        Turns: 198, Time: 00:01:06

Health: 0/21       AC:  1    Str:  7    XL:     3   Next: 27%
Magic:  0/7        EV: 13    Int: 19    God:
Gold:   0          SH:  0    Dex: 12    Spells: 2/8 levels left

rFire   . . .        g - +2 club
rCold   . . .        (no shield)
rNeg    . . .        (helmet restricted)
rPois   .            (no amulet)
rElec   .            (no ring)
rCorr   .            (no ring)
SInv    .            (no ring)
Will    .....        (no ring)
Stlth   +++          (no ring)
HPRegen 0.23/turn    (no ring)
MPRegen 0.10/turn    (no ring)
                     (no ring)

%: no teleportation
@: no status effects
A: almost no armour, amphibious, 8 rings, camouflage 1, gelatinous body 1,
(nimble swimmer 1), tentacles
a: no special abilities


You were in the Dungeon.
You visited 1 branch

Inventory:

Hand Weapons
 g - a +2 club (weapon)
Missiles
 h - 2 javelins
Scrolls
 f - a scroll of blinking
Potions
 a - 3 potions of magic
 b - a potion of curing
 c - a potion of heal wounds
 d - a potion of haste
 e - a potion of berserk rage


   Skills:
 + Level 0.3 Throwing
 + Level 2.7 Dodging
 + Level 3.8 Stealth
 + Level 3.0 Spellcasting
 + Level 1.5 Conjurations
 + Level 5.5 Fire Magic


You had 2 spell levels left.
You knew the following spells:

 Your Spells              Type           Power      Damage    Failure   Level
a - Foxfire               Conj/Fire      64%        2x1d7     3%          1
b - Scorch                Fire           46%        2d7       2%          2
c - Inner Flame           Hex/Fire       13%        N/A       14%         3

Your spell library contained the following spells:

 Spells                   Type           Power      Damage    Failure   Level
 Volatile Blastmotes      Fire/Tloc      26%        2d12      14%         3
 Flame Wave               Conj/Fire      16%        2d7       34%         4


Dungeon Overview and Level Annotations

Branches:
Dungeon (1/1)

Altars:


Innate Abilities, Weirdness & Mutations

You cannot wear most types of armour.
You are amphibious.
You can wear up to eight rings at the same time.
Your skin changes colour to match your surroundings (Stealth+).
Your rubbery body absorbs attacks. (AC +1, EV +1)
((You are camouflaged when in or above water. (Stealth+)))
You have tentacles for arms and can constrict up to eight enemies at once.


Message History

The phantom is lightly damaged.
The phantom's fire resistance burns away.
Unknown command.
Casting: Scorch (safe; 2% risk of failure)
Confirm with . or Enter, or press ? or * to list all spells.
Flames lash the phantom.
The phantom is burned terribly!
You destroy the phantom!
The human shouts!
Unknown command.
Casting: Scorch (safe; 2% risk of failure)
Confirm with . or Enter, or press ? or * to list all spells.
You conjure some foxfire!
Unknown command.
Casting: Foxfire (safe; 3% risk of failure)
Confirm with . or Enter, or press ? or * to list all spells.
Flames lash the human.
The human is moderately wounded.
The human's fire resistance burns away.
The foxfire hits the human.
The human is burned terribly!
The human is moderately wounded.
The foxfire hits the human but does no damage.
The human is moderately wounded.
Casting: Scorch (safe; 2% risk of failure)
Confirm with . or Enter, or press ? or * to list all spells.
You conjure some foxfire!
The human hits you.
Unknown command.
You hit the human but do no damage. You grab the human.
The human is moderately wounded.
You constrict the human, but do no damage.
The foxfire hits the human but does no damage.
The human is moderately wounded.
The foxfire hits the human.
The human is burned terribly!
The human is heavily wounded.
The human hits you!
You hit the human but do no damage.
The human is heavily wounded.
You constrict the human.
The human is no longer more vulnerable to fire.
The human hits you!
You die...

▓▓▓▓▓▓▓▓▓
▓<..#[..####
▓...#......##
▓..##....§§.# .#
▓##.##.##.@.# .#
##.##.###p.# ..#
▓#.####.##..# ...+
▓.###..##..##
#...# ▓#.....##..#
#p...#
###..##...##.....#
##..##....#......#
#..###..##.#.....#
#..# #..#####....#


You could see a human.

Vanquished Creatures
  Jessica (D)
  A phantom (D)
  An endoplasm (D)
  2 rats (D)
5 creatures vanquished.

Vanquished Creatures (others)
  22 foxfires (D)
22 creatures vanquished.

Grand Total: 27 creatures vanquished

Notes
Turn   | Place    | Note
-------+----------+-------------------------------------------
     0 | D        | Conn the Octopode Fire Elementalist began the quest for the
                  | Orb.
     0 | D        | Reached XP level 1. HP: 11/11 MP: 3/3
    89 | D        | Noticed Jessica
   103 | D        | Killed Jessica
   104 | D        | Reached skill level 5 in Fire Magic
   104 | D        | Reached XP level 2. HP: 12/17 MP: 0/6
   104 | D        | Reached XP level 3. HP: 15/21 MP: 0/7
   176 | D        | Learned a level 2 spell: Scorch
   180 | D        | Learned a level 3 spell: Inner Flame
   198 | D        | Slain by a human

Illustrated notes

Levels and vault maps discovered:
D:        dungeon_sprint_mu [sprint_mu_entry_cave, sprint_mu_temple_rooms,
          sprint_mu_d1_spiders, sprint_mu_d2_genie, sprint_mu_d3_branching,
          sprint_mu_orc_legion, sprint_mu_elf_gauntlet, sprint_mu_hive_nellie,
          sprint_mu_lair_fedhas, sprint_mu_vaults_butterflies,
          sprint_mu_slime_circle, sprint_mu_shoals_archi,
          sprint_mu_snake_twists, sprint_mu_blade_basic,
          sprint_mu_crypt_fortress, sprint_mu_tomb_spiral,
          sprint_mu_vestibule_basic, sprint_mu_gehenna_hellfire,
          sprint_mu_dis_giant, sprint_mu_tartarus_statrot,
          sprint_mu_cocytus_islands, sprint_mu_zot1]

Skill      XL: |  1 |
---------------+----+-----
Stealth        | 3 |  3.8
Spellcasting   | 3 |  3.0
Fire Magic     | 5 |  5.5
Throwing       | |  0.3
Dodging        | |  2.7
Conjurations   | |  1.5

Action                     || total
---------------------------++-------
  Melee: Constrict         ||     2
         Unarmed           ||     1
         Club              ||     2
  Throw: Javelin           ||     2
   Cast: Foxfire           ||    11
         Scorch            ||     3
  Dodge: Dodged            ||     3

Table legend: (Time is in decaauts)
 A = Elapsed time spent in this place.
 B = Non-inter-level travel time spent in this place.
 C = Inter-level travel time spent in this place.
 D = Time resting spent in this place.
 E = Time spent auto-exploring this place.
 F = Levels seen in this place.
 G = Mean time per level.
                   A        B        C        D        E       F      G
               +--------+--------+--------+--------+--------+-----+--------+
         Total |    198 |    198 |      0 |    110 |      0 |   1 |  198.0 |
       Dungeon |    198 |    198 |      0 |    110 |      0 |   1 |  198.0 |
               +--------+--------+--------+--------+--------+-----+--------+

Top non-repeatable levels by time:
       D: 198 daAuts
